 Dungeon Crawl Stone Soup version 0.14-a0-1844-g8283a67 (webtiles) character file.

298 Gorice the Ruinous (level 4, -4/30 HPs)
             Began as a Demonspawn Conjurer on Jan 11, 2014.
             Slain by a thrashing horror (17 damage)
             ... on Level 1 of the Abyss.
             The game lasted 00:14:16 (2403 turns).

Gorice the Ruinous (Demonspawn Conjurer)            Turns: 2403, Time: 00:14:17

HP  -4/30        AC  1     Str  9      XL: 4   Next: 67%
MP   8/8         EV 12     Int 17      God:
Gold 184         SH  0     Dex 13      Spells:  2 memorised,  5 levels left

rFire  . . .     SeeInvis .     (no weapon)
rCold  . . .     Clarity  .     a - +0 robe
rNeg   . . .     Conserve .     (no shield)
rPois  .         rCorr    .     (no helmet)
rElec  +         rRot     .     i - -2 cloak of Frisch {rElec Dam+4}
SustAb . .       Spirit   .     (no gloves)
rMut   .         Warding  .     (no boots)
Saprov + . .     Stasis   .     (no amulet)
                                (no ring)
                                (no ring)

@: slightly resistant to hostile enchantments, fairly stealthy
A: saprovore 1
a: no special abilities


You were on level 1 of the Abyss.
You were not hungry.

You visited 1 branch of the dungeon, and saw 3 of its levels.
You visited the Abyss 1 time.

You collected 184 gold pieces.

Inventory:

Hand weapons
 t - a +0,+0 long sword
Missiles
 g - 6 tomahawks (quivered)
 Z - 44 stones
Armour
 a - a +0 robe (worn)
 i - the cursed -2 cloak of Frisch (worn) {rElec Dam+4}
   (You found it on level 1 of the Abyss)

   It affects your damage-dealing abilities (+4).
   It insulates you from electricity.
   It has a curse placed upon it.
 p - a +0 buckler
 s - a +0 cloak
Magical devices
 q - a wand of hasting (5)
Comestibles
 b - a bread ration
 f - 3 pears
 h - 2 meat rations
 k - a rotting chunk of giant cockroach flesh
 l - 2 rotting chunks of goblin flesh
 n - an apple
 u - a chunk of rat flesh
Scrolls
 d - a scroll of holy word {unknown}
Potions
 e - a potion of degeneration {unknown}
 j - a potion of heal wounds
 m - a potion of curing
 o - a potion of restore abilities {unknown}
 r - 2 potions of resistance {unknown}
Books
 c - a book of Conjurations

   Spells                             Type                      Level
   *Magic Dart                        Conjuration                  1
   *Searing Ray                       Conjuration                  2
   Dazzling Spray                     Conjuration/Hexes            3
   Iskenderun's Mystic Blast          Conjuration                  4
   Iskenderun's Battlesphere          Conjuration/Charms           4
   Fulminant Prism                    Conjuration/Hexes            5


   Skills:
 - Level 1.7 Dodging
 - Level 1.7 Stealth
 + Level 2.9 Spellcasting
 * Level 5.6 Conjurations


You had 5 spell levels left.
You knew the following spells:

 Your Spells              Type           Power        Failure   Level  Hunger
a - Magic Dart            Conj           ###.         1%          1    None
b - Searing Ray           Conj           ###...       2%          2    ##.....


Dungeon Overview and Level Annotations

Branches:
Dungeon (3/16)

Altars:
Makhleb


Innate Abilities, Weirdness & Mutations

You can tolerate rotten meat.


Message History

The thrashing horror barely misses you.
A raiju comes into view.
The thrashing horror barely misses you.
The thrashing horror closely misses you.
The thrashing horror roars!
The raiju bursts into living lightning!
The living lightning hits you! You resist.
The raiju blinks!
The raiju blinks!
The thrashing horror closely misses you.
The thrashing horror tramples you.
You stumble backwards!
The thrashing horror tramples you.
You hold your ground!
The thrashing horror tramples you.
You hold your ground!
The raiju gazes forward, looking utterly alone.
The raiju barely misses you. The thrashing horror tramples you.
You stumble backwards!
The thrashing horror tramples you!
You stumble backwards!
The thrashing horror roars!
A small abomination comes into view.
The thrashing horror tramples you!
Ouch! That really hurt!
You die...

#..##.# .# #.#.
.#. #..........#
#... ##.#.#..
##.....##.....#
#.#.####.....##
#.#.##..........
##.####....#
..##.
#.#h..X@...##.#.
# #
.#..#.###...##.#
. ..#....#..##.
..x . #
##...#...##...
#.. .#.
#..#.#...#... #
##. .
#...###..#..#.
#..# ##### ....
## ##. (##. .. .
# #. # ###. . .


You could see a thrashing horror, a raiju and a small abomination (wandering).

Vanquished Creatures
  Crazy Yiuf (D:2)
  An orc wizard (D:3)
  An adder (D:2)
  A worm (D:2)
  2 orcs (D:3)
  6 bats
  A bat zombie (D:1)
  4 giant cockroaches
  4 hobgoblins
  A quokka (D:2)
  A giant newt (D:2)
  8 goblins
  3 kobolds
  A kobold zombie (D:1)
  11 rats
  A rat skeleton (D:3)
47 creatures vanquished.

Notes
Turn   | Place    | Note
--------------------------------------------------------------
     0 | D:1      | Gorice, the Demonspawn Conjurer, began the quest for the Orb.
     0 | D:1      | Reached XP level 1. HP: 13/13 MP: 3/3
   247 | D:1      | Gained mutation: You can tolerate rotten meat. [demonic ancestry]
   247 | D:1      | Reached XP level 2. HP: 16/19 MP: 0/4
  1094 | D:1      | Learned a level 2 spell: Searing Ray
  1140 | D:2      | Found a burning altar of Makhleb.
  1177 | D:2      | Reached XP level 3. HP: 15/24 MP: 0/6
  1711 | D:2      | Noticed Crazy Yiuf
  1718 | D:2      | Killed Crazy Yiuf
  1718 | D:2      | Reached skill level 5 in Conjurations
  1718 | D:2      | Reached XP level 4. HP: 30/30 MP: 4/8
  2275 | D:3      | Cast into the Abyss (orc)
  2288 | Abyss:1  | Got a transparent cloak
  2293 | Abyss:1  | Identified the cursed -2 cloak of Frisch {rElec Dam+4} (You found it on level 1 of the Abyss)
  2330 | Abyss:1  | Noticed a giant slug
  2392 | Abyss:1  | Noticed a thrashing horror
  2395 | Abyss:1  | Noticed a raiju
  2403 | Abyss:1  | Noticed a small abomination
  2403 | Abyss:1  | Slain by a thrashing horror

Action                   |  1- 3 |  4- 6 || total
-------------------------+-------+-------++-------
Melee: Unarmed           |     1 |       ||     1
Throw: Tomahawk          |    39 |       ||    39
 Cast: Magic Dart        |    57 |    17 ||    74
       Searing Ray       |     1 |     2 ||     3
  Use: Scroll            |       |     5 ||     5
